 Dungeon Crawl Stone Soup version 0.29.0-13-gc9e81de378 (webtiles) character file.

Game seed: 12453882397690286207

766 bande the Cleaver (level 7, -26/61 HPs)
             Began as a Hill Orc Fighter on Sept 8, 2022.
             Annihilated by an ogre
             ... wielding a +0 giant spiked club
              (29 damage)
             ... on level 5 of the Dungeon.
             The game lasted 00:07:30 (3696 turns).

bande the Cleaver (Hill Orc Fighter)                Turns: 3696, Time: 00:07:31

Health: -26/61     AC: 12    Str: 19    XL:     7   Next: 82%
Magic:  7/7        EV:  6    Int:  8    God:
Gold:   845        SH: 14    Dex: 12    Spells: 6/6 levels left

rFire   + . .      SeeInvis .   a - +0 war axe
rCold   . . .      Faith    .   m - +1 tower shield
rNeg    + . .      Spirit   .   d - +2 ring mail {rF+}
rPois   .          Reflect  .   j - +2 helmet
rElec   .          Harm     .   h - +0 cloak
rCorr   .          Rampage  .   (no gloves)
Will    .....                   (no boots)
Stlth   +.........              (no amulet)
HPRegen 0.20/turn               l - ring of positive energy
MPRegen 0.10/turn               (no ring)

@: lethally poisoned (-26 -> -28)
A: no striking features
a: no special abilities


You were on level 5 of the Dungeon.
You visited 1 branch of the dungeon, and saw 5 of its levels.

You collected 845 gold pieces.

Inventory:

Hand Weapons
 a - a +0 war axe (weapon)
 b - a +0 flail
Armour
 d - a +2 ring mail of fire resistance (worn)
 f - a +0 chain mail
 h - a +0 cloak (worn)
 j - a +2 helmet (worn)
 m - a +1 tower shield (worn)
Jewellery
 e - a ring of ice
 l - a ring of positive energy (left hand)
Scrolls
 o - a scroll of summoning
Potions
 g - 3 potions of brilliance
 i - a potion of curing
 k - a potion of ambrosia
 n - a potion of degeneration {unknown}
 p - a potion of flight {unknown}


   Skills:
 + Level 5.4 Fighting
 + Level 8.0 Axes
 + Level 5.1 Armour
 + Level 5.0 Shields


You had 6 spell levels left.
You didn't know any spells.
Your spell library contained the following spells:

 Spells                   Type           Power      Damage    Failure   Level
 Magic Dart               Conj           0%         1d3       100%        1
 Call Imp                 Summ           0%         N/A       100%        2
 Mephitic Cloud           Conj/Pois/Air  0%         N/A       100%        3


Dungeon Overview and Level Annotations

Branches:
Dungeon (5/15)
 Temple: D:4-7

Altars:
Elyvilon
Fedhas


Message History

The ogre is severely wounded.
You hit the adder. You block the adder's attack. x2
The ogre hits you with a +0 giant spiked club!!
You barely miss the ogre.
The ogre is severely wounded.
You closely miss the adder. The adder bites you.
You are poisoned.
The adder poisons you! The adder bites you but does no damage.
You block the adder's attack. The ogre closely misses you.
You are too injured to fight recklessly!
You are too injured to fight recklessly!
You are too injured to fight recklessly!
You are too injured to fight recklessly!
You are too injured to fight recklessly!
You are too injured to fight recklessly!
You are too injured to fight recklessly!
Unknown command.
You hit the ogre but do no damage.
The ogre is severely wounded.
You slash the adder!
You kill the adder!
You slash the adder!
You feel very sick. The adder bites you but does no damage.
You block the adder's attack.
The ogre hits you with a +0 giant spiked club!
* * * LOW HITPOINT WARNING * * *
Unknown command.
You hit the ogre.
The ogre is severely wounded.
You barely miss the adder.
You feel sick. You block the adder's attack. x2
The ogre hits you with a +0 giant spiked club!
* * * LOW HITPOINT WARNING * * *
You hit the ogre.
The ogre is severely wounded.
You slash the adder!
You kill the adder!
* * * LOW HITPOINT WARNING * * *
You feel sick.
The ogre hits you with a +0 giant spiked club!!
You die...

#.#####.##.##..
#.......##.#####
...............+
...........#### .
)......#.#.# ..
.......#[#.#####...
.......###.#.......
######.###.#....#
.........@....#
#.##.###.#O...#
#.#...## #.....#
#.#...# #.#...#
..+...# ..#...#


You could see an ogre.

Vanquished Creatures
  The ghost of Jackthecabe the Chopper, an amateur DsCA of Ignis (D:4)
  Sigmund (D:2)
  A necrophage (D:5)
  A wyvern zombie (D:4)
  A water moccasin zombie (D:4)
  A howler monkey (D:4)
  An orc wizard (D:4)
  Robin (D:2)
  3 gnolls
  6 adders
  A worm (D:2)
  4 dart slugs
  6 orcs (D:4)
  6 endoplasms
  4 giant cockroaches
  14 goblins
  10 hobgoblins
  2 quokkas
  7 ball pythons
  4 bats
  4 frilled lizards
  9 kobolds
  7 rats
95 creatures vanquished.

Notes
Turn   | Place    | Note
-------+----------+-------------------------------------------
     0 | D:1      | bande the Hill Orc Fighter began the quest for the Orb.
     0 | D:1      | Reached XP level 1. HP: 19/19 MP: 1/1
    62 | D:1      | Reached XP level 2. HP: 27/27 MP: 2/2
   457 | D:1      | Reached skill level 3 in Axes
   691 | D:1      | Reached XP level 3. HP: 33/33 MP: 3/3
  1015 | D:2      | Noticed Sigmund
  1029 | D:2      | Killed Sigmund
  1030 | D:2      | Reached skill level 5 in Axes
  1030 | D:2      | Reached XP level 4. HP: 14/41 MP: 4/4
  1030 | D:2      | Reached XP level 5. HP: 16/47 MP: 5/5
  1574 | D:2      | Found a faded altar of an unknown god.
  1675 | D:2      | Reached XP level 6. HP: 53/53 MP: 6/6
  1729 | D:3      | Noticed Robin
  1747 | D:2      | Killed Robin
  1748 | D:2      | Reached skill level 6 in Axes
  2290 | D:3      | You fall into a shaft and drop 1 floor!
  2301 | D:4      | Identified a scroll of acquirement
  2301 | D:4      | Acquired 604 gold pieces
  2643 | D:4      | Reached skill level 5 in Fighting
  2732 | D:4      | Identified the +1 leather armour of the Thinker {rElec}
  2820 | D:4      | Found a runed translucent gate.
  2820 | D:4      | Found a runed translucent gate.
  2820 | D:4      | Found a runed translucent gate.
  2822 | D:4      | Noticed Jackthecabe's ghost (amateur DsCA)
  3086 | D:4      | Reached skill level 7 in Axes
  3086 | D:4      | Reached XP level 7. HP: 39/61 MP: 7/7
  3108 | D:4      | Killed Jackthecabe's ghost
  3109 | D:4      | Reached skill level 5 in Armour
  3325 | D:3      | Found a blossoming altar of Fedhas.
  3427 | D:3      | Found a white marble altar of Elyvilon.
  3654 | D:5      | Entered Level 5 of the Dungeon
  3662 | D:5      | Reached skill level 8 in Axes
  3662 | D:5      | Reached skill level 5 in Shields
  3696 | D:5      | HP: 3/61 [poisoned by an adder]
  3696 | D:5      | Annihilated by an ogre

Illustrated notes

Levels and vault maps discovered:
D:1:      dpeg_arrival_shelter, layout_loops_ring
D:2:      layout_rooms, shapermc_ecumenical_altar_starsandcircs,
          minmay_surrounded, uniq_sigmund
D:3:      layout_rooms, mainiacjoe_overflow_alcove_4, fedhas_altar_4, uniq_robin
D:4:      layout_basic, gammafunk_ghost_necromancy
D:5:      old_forge, layout_basic, overflow_temple_1_default,
          old_standard_altar, chequers_serial_rivers_small_3

Skill      XL: |  1  2  3  4  5  6  7 |
---------------+----------------------+-----
Axes           | 3 5 7 8 |  8.0
Fighting       | 4 5 |  5.4
Armour         | 4 5 |  5.1
Shields        | 4 5 |  5.0

Action                   |  1- 3 |  4- 6 |  7- 9 || total
-------------------------+-------+-------+-------++-------
Melee: War axe           |    79 |   136 |    52 ||   267
  Use: Scroll            |     3 |     7 |     1 ||    11
       Potion            |     1 |     2 |     1 ||     4
Armor: Scale mail        |    42 |     4 |       ||    46
       Ring mail         |       |    68 |    27 ||    95
       Chain mail        |       |     2 |       ||     2
Dodge: Dodged            |    37 |    74 |    11 ||   122
Block: Buckler           |    10 |    31 |       ||    41
       Tower shield      |       |    39 |    51 ||    90
